AoeStats
← Fede_II

Baltic

510332084Analyzed
2v2 RM · 20h ago on Sep 30, 2026· 79m 52s· 4 players
Game mode
Random Map
Map size
Medium (4 player)
Population
200
Speed
Normal
Resources
Standard
Victory
Conquest
Starting age
Dark Age
Ending age
Imperial Age
RankedLock teamsTeams togetherTeam positionsShared explorationLock speedFull tech treeHidden civsTurbo modeCheats
Victory
Defeat
🇦🇷 Armenians · Argentina
1012
+17
🇦🇷 Bohemians · Argentina
1008
+17
🇨🇭 Byzantines · Switzerland
1054
-18
🇫🇷 Vikings · France
1019
-16
val_dutch
2:55 Loom
10:38 Feudal Age
11:11 Double-Bit Axe
11:14 Fishing Lines
19:49 Gold Mining
22:20 Man-at-Arms
25:04 Castle Age
26:13 Medium Warships
27:27 Fletching
27:59 Bow Saw
29:25 Careening
29:26 Clinker Construction
29:14 Bodkin Arrow
30:50 Ballistics
38:14 Stone Mining
42:39 Horse Collar
47:24 Imperial Age
45:21 Scale Mail Armor
48:31 Forging
48:36 Pikeman
52:15 Conscription
55:15 Chemistry
55:01 Fortified Wall
55:04 Squires
55:22 Chain Mail Armor
55:46 Iron Casting
56:39 Gold Shaft Mining
57:53 Bracer
58:15 Elite Longship
59:38 Arson
61:04 Blast Furnace
60:20 Chain Mail Armor
60:52 Chieftains
62:18 Elite Skirmisher
68:32 Dry Dock
68:47 Carvel Hull
Fede_II
6:11 Loom
10:11 Feudal Age
18:16 Castle Age
17:15 Horse Collar
18:13 Scale Mail Armor
18:24 Forging
22:47 Demolition Ship
38:03 Double-Bit Axe
43:25 Pikeman
50:18 Scale Barding Armor
53:00 Fletching
55:48 Imperial Age
54:13 Bodkin Arrow
61:07 Medium Warships
64:04 Halberdier
Theminer
5:05 Loom
11:12 Feudal Age
13:00 Double-Bit Axe
15:54 Town Watch
17:31 Fletching
17:41 Padded Archer Armor
28:02 Castle Age
26:24 Padded Archer Armor
28:14 Demolition Ship
30:20 Bodkin Arrow
30:41 Leather Archer Armor
31:09 Wheelbarrow
30:47 Bow Saw
31:58 Husbandry
32:31 Medium Warships
42:42 Fishing Lines
45:53 Gillnets
48:57 Horse Collar
49:30 Elite Skirmisher
53:54 Imperial Age
53:38 Chemistry
52:59 Ballistics
53:46 Heavy Plow
53:55 Caravan
55:32 Town Patrol
59:06 Hand Cart
61:10 Conscription
60:56 Wagenburg Tactics
67:02 Hussite Reforms
73:05 Heavy Warships
73:09 Elite Cannon Galleon
75:03 Two-Man Saw
Limón
8:48 Loom
10:57 Feudal Age
12:09 Fishing Lines
12:32 Double-Bit Axe
12:51 Man-at-Arms
14:43 Long Swordsman
15:34 Arson
24:00 Castle Age
23:44 Bloodlines
28:30 Gillnets
29:28 Husbandry
29:14 Demolition Ship
31:27 Fletching
31:37 Padded Archer Armor
33:05 Pikeman
35:07 Squires
42:37 Horse Collar
44:46 Scale Barding Armor
45:07 Medium Warships
46:13 Cilician Fleet
47:08 Wheelbarrow
46:34 Bodkin Arrow
46:54 Leather Archer Armor
48:29 Bow Saw
48:09 Gold Mining
48:09 Stone Mining
51:37 Hand Cart
52:00 Chain Barding Armor
57:24 Imperial Age
56:19 Gold Shaft Mining
57:44 Murder Holes
58:10 Ballistics
57:32 Treadmill Crane
58:34 Fereters
59:01 Conscription
59:46 Chemistry
58:19 Capped Ram
59:06 Stone Mining
60:35 Siege Ram
62:59 Forging
62:49 Scale Mail Armor
63:09 Chain Barding Armor
62:52 Bracer
63:22 Ring Archer Armor
63:37 Elite Composite Bowman
66:21 Redemption
68:12 Heavy Demolition Ship
70:18 Spies/Treason
75:39 Town Watch
Connection lost

Rejoining the realm…

Still unreachable

The connection could not be restored.

Session expired

The server has moved on; the page needs a fresh start.